 Dungeon Crawl Stone Soup version 0.29-a0-330-g52719c12eb (webtiles) character file.

Game seed: 1458730676410585492

1762 tilp the Chucker (level 8, -1/64 HPs)
             Began as a Mummy Artificer on May 10, 2022.
             Killed by divine providence
             ... invoked by an orc priest
              (11 damage)
             ... on level 7 of the Dungeon.
             The game lasted 00:13:52 (7193 turns).

tilp the Chucker (Mummy Artificer)                  Turns: 7193, Time: 00:13:53

Health: -1/64      AC: 21    Str: 22    XL:     8   Next: 79%
Magic:  0/8        EV:  9    Int: 10    God:
Gold:   346        SH:  0    Dex: 13    Spells: 7/7 levels left

rFire   . . .      SeeInvis .   a - +4 halberd
rCold   . . .      Faith    .   (shield currently unavailable)
rNeg    + + +      Spirit   +   O - +1 chain mail "Teuhot" {Str+5}
rPois   ∞          Reflect  .   y - +1 helmet
rElec   .          Harm     .   K - +1 cloak
rCorr   .          Rampage  .   I - +2 pair of gloves
Will    +....                   (no boots)
Stlth   ..........              m - amulet of guardian spirit
HPRegen 0.20/turn               f - +4 ring of protection
MPRegen 0.11/turn               k - ring of fire

@: no status effects
A: cold resistance 1, negative energy resistance 3, torment resistance 2, heat
vulnerability 1, in touch with death 1, no potions
a: no special abilities


You were on level 7 of the Dungeon.
You visited 1 branch of the dungeon, and saw 7 of its levels.

You collected 346 gold pieces.

Inventory:

Hand Weapons
 a - a +4 halberd (weapon)
 b - a +0 quarterstaff
 h - a +0 spear
 j - the +6 arbalest "Damnation" {damnation}
   (You found it on level 6 of the Dungeon)

   Any ammunition fired from it explodes in a burst of damnation on striking a
   foe, dealing damage which bypasses armour.
 r - a +1 dagger of flaming
 t - a +0 war axe
 u - a +2 dagger of venom
 A - the +2 short sword of Amortisation {drain, rElec rN+ Str-5 Stlth+}
   (You found it on level 3 of the Dungeon)

   A truly terrible weapon, it drains the life of any living foe it strikes.
   Str:       It affects your strength (-5).
   rElec:     It insulates you from electricity.
   rN:        It protects you from negative energy.
   Stlth:     It makes you more stealthy.
 E - a +0 whip of flaming
Missiles
 o - 8 poisoned darts (quivered)
 p - 180 stones
Armour
 y - a +1 helmet (worn)
 z - a scarf of invisibility
 I - a +2 pair of gloves (worn)
 K - a +1 cloak (worn)
 O - the +1 chain mail "Teuhot" (worn) {Str+5}
   (You took it off an orc on level 5 of the Dungeon)

   Str:       It affects your strength (+5).
Jewellery
 f - a +4 ring of protection (left hand)
 k - a ring of fire (right hand)
 m - an amulet of guardian spirit (around neck)
 s - an amulet of faith
 x - an amulet of the acrobat
 G - a ring of fire
 J - a ring of magical power
Wands
 c - a wand of flame (14)
 d - a wand of charming (7)
 e - a wand of iceblast (9)
 w - a wand of mindburst (24)
Scrolls
 g - a scroll of blinking
 i - 2 scrolls of magic mapping
 l - 8 scrolls of teleportation
 n - a scroll of identify
 q - 2 scrolls of enchant weapon
 v - a scroll of brand weapon
 B - a scroll of silence
 D - 2 scrolls of fear {unknown}
 F - a scroll of amnesia {unknown}
 H - a scroll of fog {unknown}
 L - 2 scrolls of summoning {unknown}
 M - 2 scrolls of immolation {unknown}


   Skills:
 + Level 5.7 Fighting
 - Level 6.0 Throwing
 - Level 3.0 Armour
 - Level 3.0 Dodging
 - Level 2.0 Stealth
 - Level 4.0 Evocations


You had 7 spell levels left.
You didn't know any spells.
Your spell library contained the following spells:

 Spells                   Type           Power      Damage    Failure   Level
 Magic Dart               Conj           0%         1d3       97%         1
 Call Imp                 Summ           0%         N/A       99%         2
 Corpse Rot               Necr/Air       0%         N/A       99%         2
 Poisonous Vapours        Pois/Air       0%         N/A       99%         2
 Searing Ray              Conj           0%         2d4       99%         2
 Mephitic Cloud           Conj/Pois/Air  0%         N/A       100%        3
 Stone Arrow              Conj/Erth      0%         3d7       100%        3
 Animate Armour           Summ/Erth      0%         N/A       100%        4
 Fulminant Prism          Conj/Hex       0%         3d6       100%        4
 Lehudib's Crystal Spear  Conj/Erth      0%         10d2      100%        8


Dungeon Overview and Level Annotations

Branches:
Dungeon (7/15)
 Temple: D:4-7

Altars:
Hepliaklqana

Shops:
D:2 :   D:4 =   D:5 (

Annotations:
D:4 dig vault


Innate Abilities, Weirdness & Mutations

You are immune to poison.
Your flesh is cold resistant. (rC+)
You are immune to negative energy. (rN+++)
You are immune to unholy pain and torment.
You are vulnerable to heat. (rF-)
You are in touch with the powers of death.
You do not drink.


Message History

The orc wizard flickers and vanishes!
Deactivating autopickup; reactivate with Ctrl-A.
You closely miss something. The orc hits you but does no damage.
Something hits you but does no damage.
Unknown command.
You miss something. The orc hits you but does no damage.
The orc priest calls upon Beogh to heal the orc.
The orc's wounds heal themselves!
You hear some strange, mumbled words.
Something tries to affect you, but you resist.
Something hits you but does no damage. The orc barely misses you.
Unknown command.
a - a +4 halberd (weapon)
Unknown command.
You hit something.
Reactivating autopickup.
You feel a bit more experienced. The orc completely misses you.
The orc hits you but does no damage. The orc hits you but does no damage.
Things that are here:
a +0 dagger; a +0 robe; an orc corpse You puncture the orc!
You kill the orc!
Deactivating autopickup; reactivate with Ctrl-A.
You miss something.
You hear some strange, mumbled words.
A magic dart appears from out of thin air!
The magic dart hits you but does no damage.
The orc priest mumbles some strange prayers to Beogh against you.
Beogh smites you!
* * * LOW HITPOINT WARNING * * *
Something hits you but does no damage.
You hit something. Something hits you but does no damage.
You miss something. Something hits you but does no damage.
The orc priest begins to cast a cantrip, but forgets the words!
Something hits you but does no damage.
You hit something. Something hits you but does no damage.
The orc priest invokes the aid of Beogh against you.
Beogh smites you!
You die...

# # ###### #
..... .. #
...###.#
oo....###
#{#.#...
#@#.#..#
#.#.#..#
#.#.#.†# #
#.#.#..# #
#......#######
#
#..#.........#
#
##.....#####.#
# ##.#..# #.#
# ......#
#.#####


You could see an orc priest and an orc.

Vanquished Creatures
  A black bear (D:4)
  2 ice beasts
  A centaur (D:7)
  A phantom (D:5)
  3 bullfrogs
  4 necrophages
  4 scorpions
  4 wights (D:7)
  3 hounds
  3 jellies (D:6)
  An orc wizard (D:7)
  A gnoll (D:4)
  10 adders
  A white imp (D:6)
  A worm (D:2)
  A dart slug (D:4)
  12 orcs
  5 bats
  4 endoplasms
  5 giant cockroaches
  11 goblins
  10 hobgoblins
  15 jackals
  A quokka (D:1)
  12 ball pythons
  4 frilled lizards
  8 kobolds
  12 rats
140 creatures vanquished.

Vanquished Creatures (collateral kills)
  An orc priest (D:5)
  An orc wizard (D:5)
  An adder (D:4)
  2 gnolls (D:4)
  2 orcs (D:5)
7 creatures vanquished.

Vanquished Creatures (others)
  A wight (D:7)
  An iguana (D:5)
  2 orcs
  A withered plant (D:2)
5 creatures vanquished.

Grand Total: 152 creatures vanquished

Notes
Turn   | Place    | Note
-------+----------+-------------------------------------------
     0 | D:1      | tilp the Mummy Artificer began the quest for the Orb.
     0 | D:1      | Reached XP level 1. HP: 15/15 MP: 1/1
   294 | D:1      | Reached skill level 1 in Stealth
   484 | D:1      | Reached skill level 1 in Dodging
   631 | D:1      | Reached XP level 2. HP: 5/21 MP: 2/2
  1622 | D:2      | Gained mutation: You are in touch with the powers of death.
                  | [Mummy growth]
  1622 | D:2      | Reached XP level 3. HP: 27/27 MP: 3/3
  2166 | D:2      | Found Duodoyqio's Book Shoppe.
  2337 | D:2      | Reached XP level 4. HP: 34/34 MP: 4/4
  2456 | D:2      | Found a faded altar of an unknown god.
  2460 | D:2      | Reached skill level 1 in Throwing
  2896 | D:3      | Found a hazy altar of Hepliaklqana.
  3634 | D:3      | Identified the +2 short sword of Amortisation {drain, rElec
                  | rN+ Str-5 Stlth+}
  3735 | D:4      | Found Osaxt's Jewellery Boutique.
  3778 | D:4      | Noticed a necrophage
  3930 | D:4      | Reached XP level 5. HP: 40/41 MP: 5/5
  3958 | D:4      | Reached skill level 2 in Throwing
  4278 | D:4      | Reached XP level 6. HP: 38/47 MP: 6/6
  4505 | D:4      | Reached skill level 3 in Throwing
  4862 | D:5      | Entered Level 5 of the Dungeon
  4976 | D:5      | Reached XP level 7. HP: 48/52 MP: 7/7
  5288 | D:5      | Reached skill level 4 in Throwing
  5292 | D:5      | Identified the +1 chain mail "Teuhot" {Str+5}
  5646 | D:5      | Found Yfotacuf's Antique Weapon Emporium.
  5819 | D:6      | Reached XP level 8. HP: 61/61 MP: 8/8
  6346 | D:6      | Found the +6 arbalest "Damnation" {damnation}
  6362 | D:6      | Reached skill level 5 in Throwing
  6942 | D:7      | Reached skill level 5 in Fighting
  7109 | D:7      | Reached skill level 6 in Throwing
  7193 | D:7      | Killed from afar by an orc priest

Illustrated notes

Levels and vault maps discovered:
D:1:      minmay_arrival_diagonal_passages, layout_loops_ring,
          minmay_rat_gold_closets
D:2:      layout_loops_cross, serial_shops,
          nicolae_shop_temple_entry_statues_fountains,
          shapermc_ecumenical_altar_flowoftime
D:3:      minmay_inner_zag, layout_basic, mainiacjoe_overflow_six_doors_small,
          st_stairs_13, minmay_vboxes
D:4:      layout_rooms, serial_glass, glass_columns_b, glass_columns_c,
          feat_on_display, due_unseen_surprise, feat_on_display,
          minmay_shop_enchanted_jewellery, hex_large
D:5:      layout_basic, serial_shops, shop, serial_glass, glass_columns_b,
          glass_columns_a, glass_columns_b, glass_columns_a, glass_columns_a,
          glass_columns_a
D:6:      layout_rooms, chequers_serial_rivers_small_a, lightli_orcish_oven
D:7:      layout_loops_ring, minmay_temple_entry_fiery,
          hellmonk_guarded_unrand_frostbite, uniq_joseph

Skill      XL: |  1  2  3  4  5  6  7  8 |
---------------+-------------------------+-----
Stealth        | 1 2 |  2.0
Dodging        | 1 2 3 |  3.0
Fighting       | 2 3 4 5 |  5.7
Evocations     | 3 4 |  4.0
Armour         | 2 3 |  3.0
Throwing       | 1 2 3 4 6 |  6.0

Action                   |  1- 3 |  4- 6 |  7- 9 || total
-------------------------+-------+-------+-------++-------
Melee: Dagger            |    31 |       |       ||    31
       Club              |    15 |       |       ||    15
       Spear             |    89 |       |       ||    89
       Punch             |     2 |       |       ||     2
       Quarterstaff      |    63 |   228 |   180 ||   471
       Halberd           |       |       |     6 ||     6
Throw: Dart              |     5 |     3 |    31 ||    39
       Stone             |       |     4 |       ||     4
Evoke: Wand              |     1 |     3 |     5 ||     9
  Use: Scroll            |       |       |    10 ||    10
 Stab: Sleeping          |     7 |       |       ||     7
Armor: Leather armour    |    48 |       |       ||    48
       Ring mail         |    69 |    33 |       ||   102
       Scale mail        |       |   142 |    74 ||   216
       Chain mail        |       |       |    88 ||    88
Dodge: Dodged            |   107 |   152 |    98 ||   357

Table legend: (Time is in decaauts)
 A = Elapsed time spent in this place.
 B = Non-inter-level travel time spent in this place.
 C = Inter-level travel time spent in this place.
 D = Time resting spent in this place.
 E = Time spent auto-exploring this place.
 F = Levels seen in this place.
 G = Mean time per level.
                   A        B        C        D        E       F      G
               +--------+--------+--------+--------+--------+-----+--------+
         Total |   7337 |   6894 |    443 |    735 |   4700 |   7 | 1048.1 |
       Dungeon |   7337 |   6894 |    443 |    735 |   4700 |   7 | 1048.1 |
               +--------+--------+--------+--------+--------+-----+--------+

Top non-repeatable levels by time:
     D:1: 1619 daAuts
     D:2: 1230 daAuts
     D:3: 1122 daAuts
     D:5: 1009 daAuts
     D:4: 984 daAuts
     D:6: 779 daAuts
     D:7: 592 daAuts
